AoeStats
← Barbaricci

Arena

509269838Analyzed
4v4 RM · 5d ago on Sep 26, 2026· 22m 35s· 8 players
Game mode
Random Map
Map size
Large (8 player)
Population
200
Speed
Normal
Resources
Standard
Victory
Conquest
Starting age
Dark Age
Ending age
Imperial Age
RankedLock teamsTeams togetherTeam positionsShared explorationLock speedFull tech treeHidden civsTurbo modeCheats
Victory
Defeat
🇲🇽 Danes · Mexico
1123
+10
🇲🇽 Goths · Mexico
1025
+23
🇲🇽 Mongols · Mexico
988
+16
🇲🇽 Magyars · Mexico
838
+22
🇺🇸 Aztecs · United States
1046
-18
🇲🇽 Franks · Mexico
1014
-17
🇩🇪 Huns · Germany
936
-14
🇨🇴 Saxons · Colombia
924
-13
[TMX] Superoxide
3:31 Loom
9:26 Loom
11:12 Feudal Age
13:07 Double-Bit Axe
14:18 Town Watch
16:50 Castle Age
17:45 Bow Saw
18:18 Fletching
20:42 Horse Collar
22:02 Murder Holes
Tzilactzin
8:02 Loom
11:55 Feudal Age
13:01 Double-Bit Axe
15:55 Castle Age
15:12 Horse Collar
17:25 Wheelbarrow
16:37 Town Watch
17:06 Bow Saw
16:53 Stone Mining
KILLERKJ7
10:48 Feudal Age
15:14 Castle Age
14:25 Loom
15:27 Double-Bit Axe
20:28 Gambesons
22:10 Squires
22:11 Scale Mail Armor
22:21 Forging
[TMX]Vitochaman
5:40 Loom
11:38 Feudal Age
13:07 Double-Bit Axe
17:32 Castle Age
15:36 Horse Collar
18:21 Wheelbarrow
18:37 Pikeman
Borzak4113
0:35 Loom
12:33 Feudal Age
18:00 Castle Age
16:46 Double-Bit Axe
18:06 Gold Mining
19:13 Forging
21:32 Wheelbarrow
Barbaricci
10:24 Feudal Age
15:20 Castle Age
13:10 Double-Bit Axe
13:08 Horse Collar
16:01 Heavy Plow
16:25 Bow Saw
17:59 Loom
Guerilla62
0:29 Loom
12:20 Feudal Age
14:25 Wheelbarrow
13:39 Double-Bit Axe
13:38 Horse Collar
actions speak loudr than wololoo
10:47 Feudal Age
15:01 Castle Age
12:53 Double-Bit Axe
14:07 Gold Mining
14:45 Horse Collar
19:39 Redemption
19:57 Sanctity
19:54 Scale Mail Armor
20:04 Forging
22:41 Stone Mining
Connection lost

Rejoining the realm…

Still unreachable

The connection could not be restored.

Session expired

The server has moved on; the page needs a fresh start.